Map: Orbital Shipyard

Players

AcerNerchio (Nerchio) - Winner!

  • Race: Zerg Zerg

KiFirE

  • Race: Protoss Protoss
  • League: Grandmaster

Event: Gauntlet LotV Series 1 Qualifier 1

VOD

https://www.youtube.com/watch?v=upZvhsHCD0M&feature=youtu.be

Description

Time

  • Played on: Nov. 22, 2015, 3:37 p.m.
  • Length: 19:26

All games in this series

Show
View Real Time Build Order
Export as new Build Order

AcerNerchio Zerg - Winner!

Build Orders: Hatch First 

Get SALT Encoding   

  12  0:00  Drone  
  13  0:12  Overlord  
  13  0:17  Drone  
  14  0:31  Drone x2  
  14  0:35  Drone  
  17  0:52  Hatchery  
  17  0:54  Drone  
  17  0:57  Drone  
  18  1:11  Spawning Pool  
  18  1:13  Drone  
  18  1:17  Drone  
  19  1:37  Hatchery  
  18  1:40  Drone  
  18  1:43  Drone  
  20  1:59  Queen  
  22  2:04  Queen  
  22  2:05  Drone  
  22  2:06  Drone  
  26  2:09  Drone  
  26  2:15  Overlord  
  27  2:18  Zergling x2  
  28  2:23  Overlord  
  28  2:33  Zergling x4  
  31  2:37  Drone, Queen  
  31  2:43  Drone  
  34  2:46  Queen  
  34  2:49  Drone  
  37  2:52  Drone  
  37  2:54  Drone  
  39  2:58  Drone  
  39  3:00  Drone  
  39  3:03  Extractor  
  39  3:04  Drone  
  39  3:05  Extractor  
  40  3:08  Drone x2  
  40  3:09  Drone  
  40  3:12  Drone  
  44  3:13  Drone  
  44  3:18  Drone  
  44  3:19  Overlord  
  46  3:23  Drone  
  47  3:27  Overlord  
  47  3:30  Drone  
  47  3:31  Drone  
  49  3:39  Drone  
  49  3:40  Drone x3  
  53  3:41  Drone  
  53  3:42  Extractor  
  53  3:44  Overlord  
  53  3:46  Drone  
  53  3:47  Drone  
  55  3:54  Roach Warren, Drone  
  55  3:56  Drone  
  55  3:57  Drone  
  55  3:58  Drone  
  58  4:03  Spore Crawler  
  58  4:04  Spore Crawler  
  58  4:07  Drone x2  
  58  4:09  Drone x2  
  60  4:12  Drone  
  60  4:13  Drone  
  60  4:16  Overlord  
  62  4:20  Overlord  
  62  4:22  Drone x2  
  62  4:23  Drone  
  65  4:26  Drone  
  65  4:27  Drone x2  
  68  4:34  Drone x5  
  68  4:38  Extractor x2  
  70  4:39  Drone  
  70  4:42  Evolution Chamber, Drone  
  70  4:45  Drone  
  70  4:46  Drone x3  
  70  4:47  Drone  
  70  4:48  Drone  
  70  4:50  Drone x2  
  70  4:51  Drone  
  78  4:53  Overlord  
  78  4:56  Pneumatized Carapace  
  78  4:58  Overlord  
  78  5:02  Lair  
  78  5:07  Overlord x2  
  78  5:10  Zerg Missile Weapons Level 1  
  78  5:22  Roach x4  
  78  5:24  Hatchery, Extractor  
  78  5:26  Roach x2  
  88  5:31  Metabolic Boost  
  88  5:33  Roach  
  88  5:34  Roach x2  
  94  5:35  Overlord  
  94  5:37  Overlord  
  94  5:53  Roach x6  
  94  5:54  Drone x7  
  113  5:58  Ravager x6  
  113  6:00  Drone  
  113  6:03  Drone x2  
  122  6:05  Overlord, Infestation Pit  
  122  6:08  Overlord  
  122  6:09  Overseer  
  121  6:13  Overlord  
  121  6:14  Overlord  
  121  6:20  Evolution Chamber, Overlord  
  120  6:25  Ravager  
  120  6:26  Ravager x3  
  123  6:38  Spire, Zergling x8  
  123  6:39  Zergling x2  
  127  6:44  Hive  
  127  6:47  Hatchery  
  126  6:51  Extractor  
  123  6:54  Extractor, Zergling x2  
  123  6:55  Zergling x14  
  127  7:05  Zergling x14  
  125  7:13  Overlord x2  
  108  7:22  Drone  
  108  7:23  Drone x4  
  108  7:24  Hydralisk Den  
  108  7:25  Drone x2  
  108  7:26  Drone x3  
  108  7:28  Overlord  
  116  7:34  Zerg Missile Weapons Level 2, Zerg Ground Armor Level 1  
  116  7:37  Drone x5  
  118  7:38  Overlord  
  121  7:50  Zerg Flyer Armor Level 1  
  121  7:52  Hydralisk  
  121  7:53  Hydralisk x7  
  121  7:55  Hydralisk  
  139  7:59  Muscular Augments  
  139  8:02  Hydralisk x2  
  143  8:06  Extractor  
  143  8:07  Hydralisk x2  
  143  8:11  Hydralisk x2  
  150  8:13  Hydralisk  
  150  8:15  Hydralisk  
  150  8:16  Hydralisk  
  150  8:19  Overseer  
  156  8:20  Hydralisk  
  156  8:25  Hydralisk  
  160  8:31  Hydralisk x5  
  160  8:32  Hydralisk  
  172  8:35  Hydralisk  
  172  8:37  Extractor  
  172  8:38  Hydralisk x2  
  172  8:40  Hydralisk  
  179  8:42  Hydralisk  
  179  8:44  Hydralisk  
  179  8:46  Hydralisk  
  185  8:51  Drone x2  
  185  8:52  Overlord  
  185  8:54  Hydralisk  
  185  8:55  Hydralisk  
  191  8:56  Hydralisk  
  191  8:59  Overlord  
  191  9:02  Overseer  
  193  9:03  Overseer x2  
  193  9:04  Overseer  
  193  9:11  Hydralisk x3  
  159  9:25  Hydralisk  
  159  9:26  Hydralisk x6  
  159  9:28  Hydralisk  
  159  9:29  Hydralisk  
  157  9:31  Hydralisk  
  157  9:33  Hydralisk  
  157  9:36  Hydralisk  
  157  9:37  Hydralisk  
  165  9:39  Hydralisk  
  165  9:43  Hydralisk x2  
  171  9:46  Hydralisk  
  171  9:47  Hydralisk  
  167  9:53  Zerg Missile Weapons Level 3  
  167  9:55  Hydralisk x2  
  167  9:58  Hydralisk  
  167  9:59  Hydralisk  
  173  10:01  Overlord  
  173  10:02  Overseer  
  173  10:03  Overseer  
  175  10:11  Hydralisk x4  
  176  10:22  Hydralisk  
  176  10:23  Hydralisk  
  176  10:24  Hydralisk x3  
  176  10:25  Hydralisk x2  
  167  10:37  Hydralisk x7  
  167  10:42  Hydralisk x2  
  157  10:43  Hydralisk  
  157  10:47  Hydralisk  
  157  10:48  Hydralisk  
  161  10:50  Hydralisk  
  161  10:51  Hydralisk  
  161  10:55  Hydralisk  
  161  10:56  Hydralisk  
  159  10:58  Hydralisk  
  159  11:00  Hydralisk  
  159  11:01  Hydralisk  
  163  11:06  Hydralisk x2  
  167  11:13  Hydralisk x3  
  167  11:14  Overlord  
  167  11:15  Overlord  
  173  11:19  Overlord x2  
  173  11:26  Nydus Network  
  173  11:30  Overlord x3  
  172  11:34  Viper x2  
  172  11:35  Viper  
  181  11:45  Hydralisk x5  
  189  11:49  Hydralisk x2  
  193  11:58  Hydralisk x3  
  189  12:17  Hydralisk x5  
  165  12:31  Hydralisk x3  
  165  12:32  Hydralisk x7  
  165  12:33  Spore Crawler x2  
  165  12:34  Spore Crawler  
  165  12:35  Spore Crawler  
  165  12:36  Spore Crawler  
  160  12:52  Drone x5  
  160  12:58  Spore Crawler x2  
  164  13:00  Spore Crawler x2  
  164  13:01  Hydralisk x3  
  164  13:04  Overseer  
  165  13:12  Drone x6  
  167  13:24  Hatchery, Viper x2  
  167  13:25  Viper  
  167  13:26  Overseer x3  
  161  13:40  Spore Crawler  
  160  13:41  Spore Crawler  
  160  13:42  Spore Crawler  
  160  13:44  Spore Crawler x2  
  160  13:45  Spore Crawler  
  160  13:46  Spore Crawler  
  160  13:47  Spore Crawler  
  153  13:50  Hydralisk x6  
  153  13:53  Viper  
  168  14:01  Hydralisk x3  
  165  14:04  Hydralisk  
  165  14:06  Hydralisk  
  165  14:07  Hydralisk  
  171  14:12  Hydralisk  
  171  14:13  Hydralisk  
  168  14:26  Hydralisk x3  
  168  14:27  Hydralisk x3  
  178  14:34  Hydralisk x3  
  178  14:42  Hydralisk x3  
  178  14:43  Hydralisk  
  177  15:03  Drone x6  
  177  15:05  Hatchery, Drone x2  
  170  15:42  Hydralisk x7  
  168  15:43  Hydralisk x3  
  188  15:59  Lair  
  188  16:02  Drone  
  188  16:03  Drone x4  
  182  16:12  Hatchery  
  182  16:18  Hatchery  
  170  16:20  Hydralisk x6  
  170  16:21  Hydralisk  
  183  16:31  Drone x2  
  184  16:36  Overlord x2  
  184  16:38  Hatchery  
  183  16:47  Overlord  
  170  17:02  Overseer  
  166  17:08  Infestation Pit  
  166  17:12  Overseer x3  
  166  17:13  Drone  
  166  17:14  Drone x7  
  171  17:26  Hatchery  
  156  17:41  Drone x4, Hydralisk Den  
  155  17:59  Infestor x6  
  155  18:00  Infestor x2  
  171  18:06  Infestor  
  171  18:07  Infestor x2  
  169  18:38  Hydralisk x10  
  189  18:45  Hydralisk x2  
  193  18:52  Hydralisk x2  
Show
View Real Time Build Order
Export as new Build Order

KiFirE Protoss 

Build Orders: Nexus First, Oracle Opening 

Get SALT Encoding   

  12  0:01  Probe (Chrono Boost)  
  13  0:11  Probe (Chrono Boost)  
  14  0:22  Probe (Chrono Boost)  
  14  0:23  Pylon  
  15  0:41  Probe (Chrono Boost)  
  16  0:51  Probe (Chrono Boost)  
  17  0:57  Nexus  
  17  1:07  Gateway  
  17  1:11  Probe (Chrono Boost)  
  18  1:21  Probe (Chrono Boost)  
  18  1:22  Assimilator  
  19  1:27  Assimilator  
  19  1:32  Probe (Chrono Boost)  
  20  1:35  Pylon  
  20  1:42  Probe (Chrono Boost)  
  21  1:54  Probe (Chrono Boost)  
  21  2:00  Cybernetics Core  
  22  2:05  Probe (Chrono Boost)  
  23  2:09  Probe (Chrono Boost)  
  24  2:16  Probe (Chrono Boost)  
  24  2:20  Probe (Chrono Boost)  
  26  2:27  Probe (Chrono Boost)  
  27  2:30  Probe (Chrono Boost)  
  27  2:36  Stargate  
  28  2:37  Probe (Chrono Boost)  
  28  2:38  Adept (Chrono Boost), Warp Gate  
  28  2:40  Probe  
  32  2:49  Probe  
  32  2:51  Probe, Pylon  
  34  3:01  Probe (Chrono Boost)  
  34  3:02  Probe (Chrono Boost)  
  35  3:12  Assimilator  
  37  3:13  Mothership Core (Chrono Boost), Probe (Chrono Boost)  
  37  3:17  Assimilator  
  38  3:21  Oracle (Chrono Boost)  
  38  3:22  Probe  
  38  3:26  Adept  
  44  3:30  Pylon  
  44  3:32  Probe  
  45  3:37  Probe  
  46  3:44  Probe  
  46  3:47  Probe  
  48  3:56  Probe  
  48  3:58  Probe  
  48  4:00  Void Ray (Chrono Boost)  
  54  4:10  Probe  
  54  4:11  Probe  
  56  4:23  Probe  
  57  4:25  Nexus  
  57  4:26  Pylon  
  57  4:27  Pylon  
  57  4:41  Probe  
  57  4:43  Probe  
  59  4:48  Twilight Council  
  59  4:52  Void Ray (Chrono Boost)  
  63  4:53  Pylon  
  63  4:55  Probe  
  63  4:57  Probe  
  65  5:00  Stargate  
  65  5:01  Pylon  
  65  5:07  Probe  
  65  5:08  Probe  
  65  5:12  Fleet Beacon  
  67  5:15  Protoss Air Weapons Level 1  
  67  5:16  Sentry  
  67  5:18  Probe  
  67  5:20  Probe  
  71  5:32  Probe  
  72  5:38  Probe x2  
  74  5:45  Probe  
  74  5:46  Assimilator  
  74  5:49  Probe  
  75  5:52  Probe, Assimilator  
  75  5:56  Carrier (Chrono Boost)  
  75  5:57  Probe  
  90  5:59  Probe  
  90  6:03  Pylon  
  91  6:11  Carrier (Chrono Boost)  
  91  6:15  Probe  
  98  6:19  Gateway  
  98  6:20  Gateway  
  98  6:22  Stalker, Forge  
  98  6:24  Graviton Catapult, Pylon  
  100  6:28  Probe  
  100  6:29  Probe x2  
  100  6:32  Pylon  
  103  6:35  Pylon  
  101  6:59  Stalker  
  86  7:22  Carrier (Chrono Boost)  
  92  7:25  Probe  
  92  7:26  Probe x2  
  101  7:37  Carrier (Chrono Boost)  
  101  7:38  Probe, Protoss Ground Weapons Level 1  
  101  7:39  Adept x2  
  101  7:40  Probe, Adept  
  101  7:41  Probe  
  110  7:46  Twilight Council  
  110  7:48  Stargate  
  110  7:50  Probe  
  110  7:51  Probe  
  111  7:54  Probe  
  113  8:00  Sentry x2  
  113  8:04  Pylon  
  117  8:05  Pylon  
  117  8:13  Photon Cannon  
  117  8:16  Nexus  
  117  8:18  Pylon  
  117  8:21  Probe  
  117  8:22  Probe x2, Pylon  
  120  8:32  Adept x3  
  123  8:34  Probe  
  123  8:35  Pylon  
  123  8:37  Pylon  
  123  8:38  Photon Cannon  
  123  8:39  Protoss Air Weapons Level 2  
  124  8:42  Resonating Glaives  
  124  8:47  Phoenix (Chrono Boost)  
  130  8:49  Carrier (Chrono Boost)  
  136  8:58  Photon Cannon  
  136  8:59  Photon Cannon  
  136  9:01  Carrier (Chrono Boost), Photon Cannon  
  136  9:02  Photon Cannon  
  136  9:03  Templar Archives  
  136  9:05  Adept  
  138  9:11  Adept x2  
  138  9:13  Probe  
  141  9:32  Carrier (Chrono Boost)  
  141  9:52  Protoss Shields Level 1, Probe  
  142  9:53  Probe x2, Adept x3  
  142  9:54  Probe  
  142  9:57  Assimilator  
  151  10:01  Assimilator  
  151  10:02  Robotics Facility  
  151  10:04  Carrier (Chrono Boost)  
  151  10:05  Probe x2  
  159  10:14  Adept x2  
  159  10:15  Adept  
  171  10:34  Carrier (Chrono Boost)  
  171  10:40  Nexus  
  165  10:43  Pylon  
  161  11:04  Carrier (Chrono Boost)  
  159  11:13  Probe  
  160  11:20  Observer  
  160  11:22  Psionic Storm  
  161  11:26  High Templar x3  
  161  11:29  Nexus  
  161  11:30  Pylon  
  163  11:48  Assimilator  
  163  11:50  Nexus  
  163  11:56  Pylon  
  163  11:57  Pylon  
  163  11:59  Pylon  
  163  12:06  Photon Cannon  
  163  12:19  Adept x2, Carrier (Chrono Boost)  
  157  12:46  Nexus  
  157  12:49  Nexus  
  157  12:53  Pylon  
  157  13:00  High Templar x2  
  157  13:01  High Templar  
  157  13:04  Archon  
  159  13:28  Nexus  
  159  13:37  High Templar x2  
  163  13:43  High Templar  
  113  14:53  Probe x2  
  113  14:55  Probe  
  114  15:04  Probe, High Templar  
  118  15:07  Probe, Pylon  
  118  15:27  Assimilator  
  118  15:32  Assimilator  
  118  15:39  Void Ray (Chrono Boost)  
  118  15:42  High Templar x2  
  130  15:46  Dark Shrine  
  92  17:15  Gateway  
  92  17:17  Gateway  
  92  17:19  Gateway  
  92  17:21  Pylon  
  92  17:36  Pylon  
  75  18:10  Cybernetics Core  
  75  18:11  Nexus  
  75  18:13  Pylon  
  75  18:24  Pylon  
  69  18:35  Zealot x3  
  75  18:50  Stargate  
  75  18:56  Zealot x3  
  75  19:02  Mothership Core  
  81  19:04  Twilight Council  
  83  19:11  Pylon  
Tags
 
Add a new tag
Caveats
  • Supply blocks, unpowered buildings, or Contaminate may cause inaccurate times.
  • Supply counts are checked every 10 seconds.